 Dungeon Crawl Stone Soup version 0.21-a0-536-gdbbf329 (webtiles) character file.

1196 sagitran the Fighter (level 8, -2/71 HPs)
             Began as a Gnoll Wanderer on Dec 10, 2017.
             Slain by a gnoll
             ... wielding a +0 halberd
              (15 damage)
             ... on level 5 of the Dungeon on Dec 14, 2017.
             The game lasted 00:30:33 (5555 turns).

sagitran the Fighter (Gnoll Wanderer)               Turns: 5555, Time: 00:30:34

Health: -2/71      AC:  4    Str: 15    XL:     8   Next: 44%
Magic:  12/12      EV: 13    Int: 17    God:
Gold:   190        SH:  0    Dex: 19    Spells: 13/13 levels left

rFire    + + +     SeeInvis .   y - +0 trident
rCold    . . .     Gourm    .   (no shield)
rNeg     . . .     Faith    .   n - +1 leather armour {rF+}
rPois    +         Spirit   .   (no helmet)
rElec    +         Reflect  .   (no cloak)
rCorr    +         Harm     .   (no gloves)
MR       +....                  (no boots)
Stlth    ++++......             (no amulet)
HPRegen  0.21/turn              I - ring of Xom's Malicious Joy {Fire MR+ Int+2 Dex+3 Slay+2}
MPRegen  0.13/turn              (no ring)

@: resistant
A: distributed training, fangs 1, strong nose
a: no special abilities


You were on level 5 of the Dungeon.
You were not hungry.

You visited 1 branch of the dungeon, and saw 5 of its levels.

You collected 190 gold pieces.

Inventory:

Hand Weapons
 a - a +2 quarterstaff
 b - a +0 spear
 e - a +0 dagger
 i - a +2 whip of electrocution
 v - a +0 blowgun
 y - a +0 trident (weapon)
Missiles
 r - a silver javelin (quivered)
 t - 51 arrows
 x - 11 poisoned needles
 z - 91 stones
Armour
 d - a +0 robe
 h - a +0 ring mail
 l - a +0 leather armour
 n - a +1 leather armour of fire resistance (worn)
Jewellery
 I - the ring of Xom's Malicious Joy (left hand) {Fire MR+ Int+2 Dex+3 Slay+2}
   (You found it on level 4 of the Dungeon)

   [ring of fire]

   It enhances your fire magic.
   It affects your intelligence (+2).
   It affects your dexterity (+3).
   It affects your accuracy and damage with ranged weapons and melee attacks
   (+2).
   It protects you from fire.
   It makes you vulnerable to cold.
   It affects your resistance to hostile enchantments.
Scrolls
 j - a scroll of amnesia
 p - a scroll of magic mapping {unknown}
 w - a scroll of fog {unknown}
 C - a scroll of blinking {unknown}
 F - a scroll of teleportation {unknown}
Potions
 c - a potion of resistance
 g - 2 potions of flight
 k - a potion of ambrosia {unknown}
 m - a potion of magic {unknown}
 o - a potion of degeneration {unknown}
 u - 4 potions of might {unknown}
 D - a potion of mutation {unknown}
 E - 3 potions of agility {unknown}
 G - a potion of brilliance {unknown}
Comestibles
 f - 3 bread rations
 q - 2 meat rations
 s - 3 royal jellies
 A - 8 fruits
 J - 6 chunks of flesh


   Skills:
 + Level 9.1 Fighting
 + Level 3.2 Short Blades
 + Level 3.2 Long Blades
 + Level 3.2 Axes
 + Level 3.2 Maces & Flails
 + Level 3.2 Polearms
 + Level 4.1 Staves
 + Level 3.2 Slings
 + Level 3.2 Bows
 + Level 3.2 Crossbows
 + Level 3.2 Throwing
 + Level 3.2 Armour
 + Level 3.2 Dodging
 + Level 6.8 Stealth
 + Level 4.1 Shields
 + Level 4.1 Unarmed Combat
 + Level 3.2 Spellcasting
 + Level 2.6 Conjurations
 + Level 2.6 Hexes
 + Level 2.6 Charms
 + Level 2.6 Summonings
 + Level 2.6 Necromancy
 + Level 2.6 Translocations
 + Level 2.6 Transmutations
 + Level 2.6 Fire Magic
 + Level 2.6 Ice Magic
 + Level 2.6 Air Magic
 + Level 2.6 Earth Magic
 + Level 2.6 Poison Magic
 + Level 3.5 Invocations
 + Level 3.2 Evocations


You had 13 spell levels left.
You didn't know any spells.

Dungeon Overview and Level Annotations

Branches:
Dungeon (5/15)
 Temple: D:4-7

Altars:
Cheibriados
Kikubaaqudgha
Makhleb
Xom


Innate Abilities, Weirdness & Mutations

Your experience applies equally to all skills.
You have very sharp teeth.
Your uncanny sense of smell can sniff out nearby items.


Message History

Aim: a gnoll, wielding a spear (almost dead)
You reach to attack!
You hit the gnoll.
The gnoll is almost dead.
The gnoll hits you from afar with a spear.
Attack whom?
Press: ? - help, Dir - move target cursor, f/p - gnoll
Aim: a gnoll, wielding a spear (almost dead)
You reach to attack!
You puncture the gnoll!
You kill the gnoll!
Attack whom?
Press: ? - help, Dir - move target cursor, f - gnoll
Aim: a gnoll, wielding a halberd You reach to attack!
You hit the gnoll.
The gnoll is moderately wounded.
The gnoll hits you from afar with a halberd!
* * * LOW HITPOINT WARNING * * *
It was a potion of resistance.
You feel protected.
The gnoll hits you from afar with a halberd!
You die...

#'#....'........#
#.#...g###'######
#.#..g.#.#.gg...g.
#.###)##)#gg.....g
#...g..#$#..g..... ####
#g.....#.+...gg... ##..#
#)################## ...##
#g#...........#....# ####
....≈ #()@..........'....'
#..(P≈≈###'#...........#....#
#....≈≈#...#############)'''#
#....≈≈#...#.................
#....≈≈#####≈≈≈≈≈≈≈≈≈≈≈≈....≈
#....≈≈≈≈≈≈≈≈≈≈≈≈≈≈≈≈≈≈≈....≈
#....≈≈≈≈≈≈≈≈≈≈≈≈≈≈≈≈≈≈≈....≈
#.....P...........)..........
######.#.############.#.#.##


You could see a gnoll.

Vanquished Creatures
  An ice beast (D:5)
  2 ogres (D:4)
  A crimson imp (D:5)
  2 hounds
  An orc priest (D:3)
  2 gnoll shamans (D:5)
  4 orc wizards
  4 centaur skeletons
  An iguana (D:5)
  3 worker ants (D:4)
  A killer bee zombie (D:3)
  24 gnolls
  7 adders
  An ooze (D:2)
  A dart slug (D:4)
  4 leopard geckos
  17 orcs
  7 bats
  5 giant cockroaches
  6 hobgoblins
  11 jackals
  3 quokkas
  A ball python (D:1)
  6 frilled lizards
  3 goblins
  12 kobolds
  A leopard gecko skeleton (D:2)
  A quokka skeleton (D:4)
  5 rats
137 creatures vanquished.

Notes
Turn   | Place    | Note
-------+----------+-------------------------------------------
     0 | D:1      | sagitran the Gnoll Wanderer began the quest for the Orb.
     0 | D:1      | sagitran set off with: a +2 quarterstaff, a +0 spear, a potion of lignification, a +0 robe, a +0 dagger, a bread ration
     0 | D:1      | Reached XP level 1. HP: 26/26 MP: 1/1
   228 | D:1      | Reached XP level 2. HP: 33/33 MP: 2/2
   984 | D:2      | Reached XP level 3. HP: 36/38 MP: 3/3
  1139 | D:2      | Reached skill level 1 in Invocations
  1410 | D:2      | Reached skill level 1 in Short Blades
  1410 | D:2      | Reached skill level 1 in Long Blades
  1410 | D:2      | Reached skill level 1 in Axes
  1410 | D:2      | Reached skill level 1 in Maces & Flails
  1410 | D:2      | Reached skill level 1 in Polearms
  1410 | D:2      | Reached skill level 1 in Slings
  1410 | D:2      | Reached skill level 1 in Bows
  1410 | D:2      | Reached skill level 1 in Crossbows
  1410 | D:2      | Reached skill level 1 in Throwing
  1410 | D:2      | Reached skill level 1 in Armour
  1410 | D:2      | Reached skill level 1 in Dodging
  1410 | D:2      | Reached skill level 1 in Spellcasting
  1410 | D:2      | Reached skill level 1 in Evocations
  1482 | D:2      | Reached XP level 4. HP: 45/45 MP: 5/5
  1559 | D:2      | Found a burning altar of Makhleb.
  2013 | D:3      | Upgraded the game from 0.21-a0-529-g8c7b3f5 to 0.21-a0-536-gdbbf329
  2157 | D:3      | Reached skill level 1 in Conjurations
  2157 | D:3      | Reached skill level 1 in Hexes
  2157 | D:3      | Reached skill level 1 in Charms
  2157 | D:3      | Reached skill level 1 in Summonings
  2157 | D:3      | Reached skill level 1 in Necromancy
  2157 | D:3      | Reached skill level 1 in Translocations
  2157 | D:3      | Reached skill level 1 in Transmutations
  2157 | D:3      | Reached skill level 1 in Fire Magic
  2157 | D:3      | Reached skill level 1 in Ice Magic
  2157 | D:3      | Reached skill level 1 in Air Magic
  2157 | D:3      | Reached skill level 1 in Earth Magic
  2157 | D:3      | Reached skill level 1 in Poison Magic
  2169 | D:3      | Reached XP level 5. HP: 44/51 MP: 6/6
  2778 | D:3      | Reached XP level 6. HP: 57/57 MP: 8/8
  3164 | D:3      | Found a shimmering altar of Xom.
  3655 | D:4      | Reached XP level 7. HP: 33/63 MP: 10/10
  4658 | D:4      | Got a vibrating brass ring
  4665 | D:4      | Identified the ring of Xom's Malicious Joy {Fire MR+ Int+2 Dex+3 Slay+2} (You found it on level 4 of the Dungeon)
  4672 | D:4      | Found a snail-covered altar of Cheibriados.
  4815 | D:5      | Entered Level 5 of the Dungeon
  4847 | D:5      | Reached skill level 9 in Fighting
  4986 | D:5      | Found an ancient bone altar of Kikubaaqudgha.
  4991 | D:5      | Reached XP level 8. HP: 71/71 MP: 12/12
  5555 | D:5      | Slain by a gnoll

Vault maps used:
D:1:      matt_arrival_refuge, minmay_cupped
D:2:      lemuel_coloured_pillars_altar, minmay_misc_feat_room
D:3:      nicolae_overflow_crystal_walls
D:4:      kennysheep_slug_shrine, first_bread
D:5:      lemuel_castle_with_subvaults, lemuel_round_altar,
          gammafunk_temple_overflow_pools, grunt_decor_fettered,
          minmay_misc_feat_tiny

Skill      XL: |  1  2  3  4  5  6  7  8 |
---------------+-------------------------+-----
Stealth        | 6 |  6.8
Invocations    | 1 2 3 |  3.5
Short Blades   | 1 2 3 |  3.2
Long Blades    | 1 2 3 |  3.2
Axes           | 1 2 3 |  3.2
Maces & Flails | 1 2 3 |  3.2
Polearms       | 1 2 3 |  3.2
Slings         | 1 2 3 |  3.2
Bows           | 1 2 3 |  3.2
Crossbows      | 1 2 3 |  3.2
Throwing       | 1 2 3 |  3.2
Armour         | 1 2 3 |  3.2
Dodging        | 1 2 3 |  3.2
Spellcasting   | 1 2 3 |  3.2
Evocations     | 1 2 3 |  3.2
Conjurations   | 1 2 |  2.6
Hexes          | 1 2 |  2.6
Charms         | 1 2 |  2.6
Summonings     | 1 2 |  2.6
Necromancy     | 1 2 |  2.6
Translocations | 1 2 |  2.6
Transmutations | 1 2 |  2.6
Fire Magic     | 1 2 |  2.6
Ice Magic      | 1 2 |  2.6
Air Magic      | 1 2 |  2.6
Earth Magic    | 1 2 |  2.6
Poison Magic   | 1 2 |  2.6
Staves         | 3 4 |  4.1
Shields        | 3 4 |  4.1
Unarmed Combat | 3 4 |  4.1
Fighting       | 9 |  9.1

Action                   |  1- 3 |  4- 6 |  7- 9 || total
-------------------------+-------+-------+-------++-------
Melee: Quarterstaff      |    62 |   110 |    71 ||   243
       Bite              |     3 |    10 |    16 ||    29
       Spear             |     5 |    11 |       ||    16
       Dagger            |     5 |     9 |    19 ||    33
       Mace              |       |    16 |       ||    16
       Trident           |       |       |    53 ||    53
       Whip              |       |       |     2 ||     2
       Punch             |       |       |     2 ||     2
 Fire: Blowgun           |       |    12 |       ||    12
Throw: Javelin           |     2 |     8 |     1 ||    11
       Stone             |       |     7 |       ||     7
       Tomahawk          |       |     6 |    20 ||    26
  Use: Scroll            |       |     3 |     1 ||     4
       Potion            |       |     3 |     2 ||     5
 Stab: Sleeping          |     4 |     4 |     5 ||    13
  Eat: Chunk             |     2 |     6 |     4 ||    12
       Fruit             |       |     1 |     2 ||     3
Armor: Robe              |     3 |       |       ||     3
       Leather armour    |    19 |    34 |    11 ||    64
       Skin              |       |     9 |       ||     9
Dodge: Dodged            |    53 |    79 |    66 ||   198

Table legend:
 A = Spawn XP
 B = Non-spawn XP
 C = Spawn XP percentage of total XP
 D = Spawn monster count
 E = Non-spawn monster count
 F = Spawn count percentage of total count
 G = Total turns spent on level
                    A         B        C        D         E        F      G
               +---------+---------+-------+---------+---------+-------+---------
         Total |       0 |    1709 |   0.0 |       0 |     137 |   0.0 |  5555
               +---------+---------+-------+---------+---------+-------+---------
           D:1 |       0 |      27 |   0.0 |       0 |      20 |   0.0 |   965
           D:2 |       0 |      82 |   0.0 |       0 |      23 |   0.0 |   880
           D:3 |       0 |     304 |   0.0 |       0 |      37 |   0.0 |  1378
           D:4 |       0 |     543 |   0.0 |       0 |      19 |   0.0 |  1592
           D:5 |       0 |     753 |   0.0 |       0 |      38 |   0.0 |   740
               +---------+---------+-------+---------+---------+-------+---------
